 Dungeon Crawl Stone Soup version 0.30.1-3-gfc49f6343a (webtiles) character file.

Game seed: 12333896943807475662

159 croobank the Sneak (level 5, 0/37 HPs)
             Began as an Octopode Delver on Aug 4, 2023.
             Slain by a goblin
             ... wielding a +0 dagger
             ... led by Robin
              (5 damage)
             ... on level 2 of the Dungeon.
             The game lasted 00:04:19 (659 turns).

croobank the Sneak (Octopode Delver)                 Turns: 659, Time: 00:04:20

Health: 0/37       AC:  1    Str: 11    XL:     5   Next: 40%
Magic:  5/5        EV: 14    Int: 14    God:
Gold:   64         SH:  0    Dex: 14    Spells: 4/4 levels left

rFire   . . .        a - +0 short sword
rCold   . . .        (no shield)
rNeg    . . .        (helmet restricted)
rPois   .            (no amulet)
rElec   .            (no ring)
rCorr   .            (no ring)
SInv    .            (no ring)
Will    .....        (no ring)
Stlth   +++++        (no ring)
HPRegen 0.26/turn    (no ring)
MPRegen 0.09/turn    (no ring)
                     (no ring)

%: no passive effects
@: no status effects
A: almost no armour, amphibious, 8 rings, camouflage 1, gelatinous body 1,
(nimble swimmer 1), tentacles
a: no special abilities


You were on level 2 of the Dungeon.
You visited 1 branch of the dungeon, and saw 5 of its levels.

You collected 64 gold pieces.

Inventory:

Hand Weapons
 a - a +0 short sword (weapon)
 d - a +0 trident
 e - a +3 flail
Wands
 f - a wand of digging (3)
 g - a wand of charming (6)
Scrolls
 b - a scroll of fog
 c - a scroll of magic mapping
Potions
 i - a potion of cancellation


   Skills:
 + Level 3.8 Fighting
 + Level 3.0 Short Blades
 + Level 3.0 Dodging
 * Level 7.8 Stealth


You had 4 spell levels left.
You didn't know any spells.
Your spell library was empty.

Dungeon Overview and Level Annotations

Branches:
Dungeon (6/15)
 Temple: D:4-7

Altars:

Shops:
D:3 (

Annotations:
D:2 Robin
D:4 exclusion: downstairs


Innate Abilities, Weirdness & Mutations

You cannot wear most types of armour.
You are amphibious.
You can wear up to eight rings at the same time.
Your skin changes colour to match your surroundings (Stealth+).
Your rubbery body absorbs attacks. (AC +1, EV +1)
((You are camouflaged when in or above water. (Stealth+)))
You have tentacles for arms and can constrict up to eight enemies at once.


Message History

Robin zaps a wand.
The puff of flame misses you.
You miss the frilled lizard. Your grab misses the frilled lizard.
The frilled lizard closely misses you.
A frilled lizard comes into view.
Robin closely misses you.
You miss the frilled lizard.
The frilled lizard hisses angrily.
You grab the frilled lizard. You constrict the frilled lizard.
Robin throws the goblin at you! The frilled lizard barely misses you.
The goblin barely misses you.
You barely miss the frilled lizard.
The frilled lizard is heavily wounded.
You constrict the frilled lizard.
You kill the frilled lizard!
Robin throws the goblin at you! The hobgoblin completely misses you.
The goblin hits you with a +0 club.
You hit the goblin.
You kill the goblin!
The goblin hits you with a +0 club. The hobgoblin closely misses you.
The goblin barely misses you.
Robin hits you from afar with a +0 trident.
You hit the goblin. You grab the goblin.
The goblin is severely wounded.
You constrict the goblin.
You kill the goblin!
The goblin attacks as you move away! The goblin hits you with a +0 dagger.
The goblin unwields a +0 dagger.
The goblin wields a +0 sling.
The goblin shoots a sling bullet.
The sling bullet hits you. The goblin attacks as you move away!
The goblin closely misses you.
Robin roars a battlecry!
The goblins go into a battle-frenzy!
The goblin attacks as you move away! The goblin hits you with a +0 dagger.
The goblin attacks as you move away! The goblin hits you with a +0 dagger.
* * * LOW HITPOINT WARNING * * *
Robin throws the goblin at you!
* * * LOW HITPOINT WARNING * * *
The goblin barely misses you.
You closely miss the goblin. Your grab misses the goblin.
The goblin hits you with a +0 dagger.
You die...

#....>.# #.####.#
######### #.#
##gw...... ##.#### ###
#)l†8.w...
#.....####.###g#...l...
#..##.......g..#gg.....
#..#####....g#.#g...>..
#..# ##..g##.........
...# ##@####........
##.## #g# #.8....! ..
#.# ....... #. #+#
##... .#.


You could see a worm, Robin, a hobgoblin (strong), 4 goblins and a frilled
lizard.

Vanquished Creatures
  An electric eel (D:6)
  2 iguanas (D:5)
  3 adders (D:5)
  An ufetubus (D:4)
  10 orcs
  A giant cockroach (D:4)
  2 goblins (D:2)
  2 hobgoblins
  4 jackals
  5 frilled lizards
31 creatures vanquished.

Notes
Turn   | Place    | Note
-------+----------+-------------------------------------------
     0 | D:5      | croobank the Octopode Delver began the quest for the Orb.
     0 | D:5      | Reached XP level 1. HP: 16/16 MP: 1/1
    40 | D:5      | Noticed an iguana
    89 | D:5      | Reached XP level 2. HP: 16/21 MP: 2/2
   128 | D:5      | Reached XP level 3. HP: 17/26 MP: 3/3
   162 | D:5      | Reached skill level 7 in Stealth
   231 | D:6      | Noticed a water moccasin
   268 | D:5      | Identified the +2 scale mail of the Fiend {Int+8}
   286 | D:5      | HP: 1/26 [iguana (6)]
   289 | D:5      | Reached XP level 4. HP: 29/31 MP: 4/4
   335 | D:6      | Noticed a scorpion
   335 | D:6      | Noticed an ice beast
   335 | D:6      | Noticed a bullfrog
   337 | D:6      | Reached XP level 5. HP: 37/37 MP: 5/5
   594 | D:3      | Found Ykemamuz's Antique Weapon Boutique.
   600 | D:3      | Noticed a +0 dagger
   600 | D:3      | Noticed a +0 short sword
   601 | D:3      | Noticed a +0 falchion
   646 | D:2      | Noticed Robin
   659 | D:2      | Slain by a goblin

Illustrated notes

Levels and vault maps discovered:
D:2:      layout_loops_corners, serial_glass, glass_columns_c, glass_columns_b,
          ebering_ecumenical_altar_abandoned, st_stairs_1,
          minmay_misc_feat_tiny, uniq_robin, uniq_jessica
D:3:      layout_basic, mainiacjoe_overflow_tiny_flanked,
          nicolae_uskayaw_en_pointe, gammafunk_ghost_split, serial_shops, shop,
          nicolae_shop_trees, shop, nicolae_shop_crystal
D:4:      layout_loops_ring, nicolae_qazlal_eye_of_the_storm, minmay_hedge_maze,
          uniq_pikel, uniq_duvessa
D:5:      layout_rooms, minmay_lizard_king
D:6:      layout_rooms, mainiacjoe_overflow_alcove_2,
          minmay_overflow_temple_star_quad, hangedman_decor_slide_cut,
          nicolae_take_the_stairs, kennysheep_crisscross

Skill      XL: |  1  2  3  4  5 |
---------------+----------------+-----
Stealth        | 7 |  7.8
Short Blades   | 3 |  3.0
Dodging        | 3 |  3.0
Fighting       | |  3.8

Action                     |  1- 3 |  4- 6 || total
---------------------------+-------+-------++-------
  Melee: Short sword       |    24 |    31 ||    55
         Constrict         |    12 |    12 ||    24
         Tentacles         |     8 |     8 ||    16
         Flail             |    13 |     8 ||    21
         Punch             |     1 |       ||     1
    Use: Potion            |     3 |       ||     3
         Scroll            |     1 |     1 ||     2
   Stab: Sleeping          |       |     5 ||     5
 Armour: Skin              |       |     1 ||     1
  Dodge: Dodged            |    18 |    40 ||    58
